 Dungeon Crawl Stone Soup version 0.24-a0-417-g1cce26a4d2 (webtiles) character file.

Game seed: 11586186580368021176

8 Gargoyl the Skirmisher (level 2, -3/26 HPs)
             Began as a Centaur Abyssal Knight on June 11, 2019.
             Was an Initiate of Lugonu.
             Slain by a kobold
             ... wielding a +0 short sword
              (4 damage)
             ... on level 2 of the Dungeon.
             The game lasted 00:00:59 (346 turns).

Gargoyl the Skirmisher (Centaur Abyssal Knight)      Turns: 346, Time: 00:00:59

Health: -3/26      AC:  7    Str: 14    XL:     2   Next: 0%
Magic:  3/3        EV:  4    Int: 11    God:    Lugonu [......]
Gold:   14         SH:  0    Dex:  8    Spells: 1/1 levels left

rFire    . . .     SeeInvis .   a - +1 hand axe
rCold    . . .     Gourm    .   (no shield)
rNeg     . . .     Faith    .   d - +0 chain mail
rPois    .         Spirit   .   (no helmet)
rElec    .         Reflect  .   (no cloak)
rCorr    .         Harm     .   (no gloves)
MR       .....                  (no barding)
Stlth    ..........             (no amulet)
HPRegen  0.08/turn              (no ring)
MPRegen  0.08/turn              (no ring)

@: very quick
A: large, hooves 3, deformed body, speed 2, tough skin 3
a: Renounce Religion


You were on level 2 of the Dungeon.
You worshipped Lugonu.
Lugonu was noncommittal.
You were not hungry.

You visited 1 branch of the dungeon, and saw 2 of its levels.
You visited the Abyss 1 time.

You collected 14 gold pieces.

Inventory:

Hand Weapons
 a - a +1 hand axe (weapon)
Armour
 d - a +0 chain mail (worn)
Comestibles
 c - a ration


   Skills:
 + Level 3.1 Fighting
 + Level 1.9 Axes
 * Level 1.6 Armour
 * Level 0.8 Dodging
 * Level 2.1 Invocations


You had one spell level left.
You didn't know any spells.
Your spell library was empty.

Dungeon Overview and Level Annotations

Branches:
Dungeon (2/15)

Altars:


Innate Abilities, Weirdness & Mutations

You have hooves in place of feet.
Armour fits poorly on your strangely shaped body.
You cover ground very quickly.
You have extremely tough skin. (AC +3)


Message History

You slide downwards.
The hatch slams shut behind you.
A kobold comes into view. It is wielding a +0 short sword.
The kobold shouts!
Found a stone staircase leading up.
The kobold throws a stone.
The stone hits you.
* * * LOW HITPOINT WARNING * * *
The kobold throws a stone.
The stone barely misses you.
You aren't carrying any potions.
The kobold throws a stone.
The stone hits you but does no damage.
You see here a stone.
The kobold throws a stone.
The stone hits you but does no damage.
You see here a stone.
You hit the kobold but do no damage.
The kobold hits you with a +0 short sword.
* * * LOW HITPOINT WARNING * * *
The kobold hits you with a +0 short sword.
* * * LOW HITPOINT WARNING * * *
Your chain mail prevents you from hitting the kobold.
The kobold hits you with a +0 short sword.
You die...

#########
#.......# #
#.......# ...
#.......#####....#
#..<.K@.((((......
#.......#########.
#########


You could see a kobold.

Vanquished Creatures
  2 giant cockroaches (D:1)
  2 hobgoblins (D:1)
  A kobold (D:1)
  2 rats (D:1)
7 creatures vanquished.

Notes
Turn   | Place    | Note
-------+----------+-------------------------------------------
     0 | Abyss:1  | Gargoyl the Centaur Abyssal Knight began the quest for the
                  | Orb.
     0 | Abyss:1  | Reached XP level 1. HP: 19/19 MP: 2/2
    51 | Abyss:1  | Noticed a small abomination
    87 | Abyss:1  | Noticed a small abomination
    95 | Abyss:1  | Noticed a small abomination
   108 | Abyss:1  | Noticed a large abomination
   117 | Abyss:1  | Noticed a blink frog
   122 | Abyss:1  | Noticed a thrashing horror
   131 | D:1      | Escaped the Abyss
   324 | D:1      | Reached XP level 2. HP: 12/26 MP: 3/3
   345 | D:2      | HP: 1/26 [kobold/+0 short sword (1)]
   346 | D:2      | Slain by a kobold

Levels and vault maps discovered:
D:1:      dpeg_arrival_tiny_a, layout_rooms
D:2:      layout_basic, minitemple, old_standard_altar

Action                   || total
-------------------------++-------
Melee: Hand axe          ||    28
       Kick              ||     2
Invok: Depart the Abyss  ||     1
Armor: Chain mail        ||    29
       Leather armour    ||     1
Dodge: Dodged            ||    12

Table legend:
 A = Non-vault XP
 B = Vault XP
 C = Vault XP percentage of total XP
 D = Non-vault monster count
 E = Vault monster count
 F = Vault count percentage of total count
                 A         B        C        D         E       F
            +---------+---------+-------+---------+---------+-------
      Total |      12 |       0 |   0.0 |       7 |       0 |   0.0
            +---------+---------+-------+---------+---------+-------
        D:1 |      12 |       0 |   0.0 |       7 |       0 |   0.0
            +---------+---------+-------+---------+---------+-------
